 Dungeon Crawl Stone Soup version 0.30-a0-800-g7c544603b3 (webtiles) character file.

Game seed: 6091275420545412857

48 Juicyj the Grasshopper (level 3, -3/28 HPs)
             Began as a Barachi Warper on Feb 21, 2023.
             Slain by a hobgoblin
             ... wielding a +0 mace
              (7 damage)
             ... on level 2 of the Dungeon.
             The game lasted 00:01:48 (1469 turns).

Juicyj the Grasshopper (Barachi Warper)             Turns: 1469, Time: 00:01:48

Health: -3/28      AC:  3    Str: 14    XL:     3   Next: 72%
Magic:  6/6        EV: 12    Int: 13    God:
Gold:   61         SH:  0    Dex: 11    Spells: 7/7 levels left

rFire   . . .      SeeInvis .    a - +0 falchion
rCold   . . .      Faith    .    (no shield)
rNeg    . . .      Spirit   .    b - +0 leather armour
rPois   .          Reflect  .    (no helmet)
rElec   .          Harm     .    (no cloak)
rCorr   .          Rampage  .    (no gloves)
Will    .....                    (no boots)
Stlth   +                        (no amulet)
HPRegen 0.24/turn                (no ring)
MPRegen 0.10/turn                (no ring)

@: slow
A: amphibious, slowness 1, strong legs 1, +LOS
a: Hop


You were on level 2 of the Dungeon.
You visited 1 branch of the dungeon, and saw 2 of its levels.

You collected 61 gold pieces.

Inventory:

Hand Weapons
 a - a +0 falchion (weapon)
 m - the +9 sling "Poonihi" {drain, rF+ Dex+2}
   (You found it on level 2 of the Dungeon)

   Dex:       It affects your dexterity (+2).
   rF:        It protects you from fire.
Missiles
 d - 7 boomerangs of dispersal (quivered)
Armour
 b - a +0 leather armour (worn)
Scrolls
 c - 2 scrolls of blinking
 e - a scroll of poison {unknown}
 f - a scroll of immolation {unknown}
 h - a scroll of teleportation {unknown}
 i - a scroll of amnesia {unknown}
 j - a scroll of fog {unknown}
 k - a scroll of vulnerability {unknown}
Potions
 g - a potion of flight {unknown}
 l - a potion of heal wounds {unknown}


   Skills:
 + Level 2.8 Fighting
 + Level 2.7 Long Blades
 + Level 1.5 Throwing
 + Level 1.9 Armour
 + Level 2.6 Dodging
 + Level 2.6 Spellcasting
 + Level 3.5 Translocations


You had 7 spell levels left.
You didn't know any spells.
Your spell library contained the following spells:

 Spells                   Type           Power      Damage    Failure   Level
 Blink                    Tloc           22%        N/A       11%         2
 Lesser Beckoning         Tloc           22%        N/A       11%         2
 Teleport Other           Tloc           11%        N/A       21%         3
 Vhi's Electric Charge    Tloc/Air       12%        N/A       38%         3
 Manifold Assault         Tloc           11%        N/A       56%         4


Dungeon Overview and Level Annotations

Branches:
Dungeon (2/15)

Altars:


Innate Abilities, Weirdness & Mutations

You are amphibious.
You cover ground slowly.
You can hop short distances.
You have an extended range of vision and can be seen from far away.


Message History

The endoplasm hits you but does no damage.
You hit the endoplasm.
You kill the endoplasm!
No target in view!
No target in view!
A hobgoblin comes into view. It is wielding a +0 mace.
A hobgoblin is nearby!
A hobgoblin is nearby!
A hobgoblin is nearby!
The hobgoblin shouts!
You closely miss the hobgoblin. The hobgoblin barely misses you.
You barely miss the hobgoblin. The hobgoblin barely misses you.
You hit the hobgoblin but do no damage. The hobgoblin hits you with a +0 mace!
The hobgoblin closely misses you.
You hit the hobgoblin.
The hobgoblin is severely wounded.
The hobgoblin closely misses you.
You hit the hobgoblin but do no damage.
The hobgoblin is severely wounded.
The hobgoblin hits you with a +0 mace!
You barely miss the hobgoblin.
The hobgoblin is severely wounded.
The hobgoblin hits you with a +0 mace.
You are too injured to fight recklessly!
You are too injured to fight recklessly!
You closely miss the hobgoblin.
The hobgoblin is severely wounded.
The hobgoblin hits you with a +0 mace.
* * * LOW HITPOINT WARNING * * *
You hit the hobgoblin.
The hobgoblin is almost dead.
The hobgoblin misses you.
You closely miss the hobgoblin.
The hobgoblin is almost dead.
The hobgoblin closely misses you. The hobgoblin hits you with a +0 mace.
* * * LOW HITPOINT WARNING * * *
You hit the hobgoblin but do no damage.
The hobgoblin is almost dead.
The hobgoblin hits you with a +0 mace!
You die...

.# #......## #....##........#
.###.#......... ..##....#'######
.#...#....####.########..#.##
[.........# #.#...# #.....###
.#.......## #.#...# ##......##
.#####..## #.#...# #.......## .#
###########.#...# ###.....#.
.###~~~~≈~~~≈#..g..# #....>..
.#.............#@..# #.#.##..
...#~~~~~~~~~#.....#######.#.##..
.#############.##....... ..#.##..
.#.....................#####.##..
##.###.#####..########... #.....
##.# #.# #............### #.##..
##.###.# #.#..###.##.## ##.##..
.......# #.#..# #.#...#####...#..
##.##### # #..# #...#...†...#..#.


You could see a hobgoblin.

Vanquished Creatures
  An adder (D:2)
  3 ball pythons
  2 bats (D:1)
  5 endoplasms
  A giant cockroach (D:1)
  6 hobgoblins
  3 jackals (D:1)
  2 frilled lizards
  4 goblins
  3 kobolds
  5 rats
35 creatures vanquished.

Notes
Turn   | Place    | Note
-------+----------+-------------------------------------------
     0 | D:1      | Juicyj the Barachi Warper began the quest for the Orb.
     0 | D:1      | Reached XP level 1. HP: 17/17 MP: 3/3
   134 | D:1      | Found a faded altar of an unknown god.
   150 | D:1      | Reached XP level 2. HP: 23/23 MP: 5/5
   639 | D:1      | Reached XP level 3. HP: 28/28 MP: 6/6
  1404 | D:2      | Identified the +9 sling "Poonihi" {drain, rF+ Dex+2}
  1469 | D:2      | Slain by a hobgoblin

Illustrated notes

Levels and vault maps discovered:
D:1:      lightli_arrival_flooded_house, layout_loops_ring,
          chequers_ecumenical_altar_simple_redux
D:2:      layout_basic, minmay_misc_feat_tower, chequers_serial_rivers_large_b,
          amcnicky_mini_rare_corridor_liquid, st_stairs_1

Action                     || total
---------------------------++-------
  Melee: Falchion          ||   141
         Punch             ||     2
 Armour: Leather armour    ||    44
  Dodge: Dodged            ||    99

Table legend: (Time is in decaauts)
 A = Elapsed time spent in this place.
 B = Non-inter-level travel time spent in this place.
 C = Inter-level travel time spent in this place.
 D = Time resting spent in this place.
 E = Time spent auto-exploring this place.
 F = Levels seen in this place.
 G = Mean time per level.
                   A        B        C        D        E       F      G
               +--------+--------+--------+--------+--------+-----+--------+
         Total |   1685 |   1661 |     24 |    173 |   1184 |   2 |  842.5 |
       Dungeon |   1685 |   1661 |     24 |    173 |   1184 |   2 |  842.5 |
               +--------+--------+--------+--------+--------+-----+--------+

Top non-repeatable levels by time:
     D:1: 971 daAuts
     D:2: 713 daAuts
